 Dungeon Crawl Stone Soup version 0.28-a0-245-g639a1a48b9 (webtiles) character file.

Game seed: 3318149696455710377

40390 Colgate the Fetichist (level 13, -1/117 HPs)
             Began as a Deep Dwarf Fighter on Aug 25, 2021.
             Was an Elder of Trog.
             Killed by divine providence
             ... invoked by a meliai
              (10 damage)
             ... on level 5 of the Lair of Beasts.
             The game lasted 00:23:05 (10379 turns).

Colgate the Fetichist (Deep Dwarf Fighter)         Turns: 10379, Time: 00:23:05

Health: -1/117     AC: 28    Str: 25    XL:     13   Next: 74%
Magic:  0/0        EV:  9    Int:  9    God:    Trog [****..]
Gold:   554        SH:  0    Dex: 12    Spells: 12/12 levels left

rFire   . . .      SeeInvis .   Y - +5 executioner's axe (protect)
rCold   . . .      Faith    +   (shield currently unavailable)
rNeg    + . .      Spirit   .   j - +0 plate armour
rPois   .          Reflect  .   (no helmet)
rElec   .          Harm     .   n - +0 cloak
rCorr   .          Rampage  .   (no gloves)
Will    +....                   b - +1 pair of boots
Stlth   ..........              o - amulet of faith
HPRegen 0.00/turn               f - ring of positive energy
MPRegen 0.07/turn               p - +4 ring of protection

@: under a protective aura, on berserk cooldown, slowed, very slow
A: damage resistance, heal wounds, sense surroundings 2, no regeneration
a: Heal Wounds, Renounce Religion, Berserk, Trog's Hand, Brothers in Arms


You were on level 5 of the Lair of Beasts.
You worshipped Trog.
Trog was greatly pleased with you.
You visited 2 branches of the dungeon, and saw 13 of its levels.

You collected 1026 gold pieces.
You spent 472 gold pieces at shops.


Innate Abilities, Weirdness & Mutations

You are resistant to damage.
You can heal yourself by infusing magical energy.
You passively map the area around you.
You do not regenerate.


   Skills:
 - Level 8.0 Fighting
 + Level 16.1 Axes
 - Level 9.1 Armour
 - Level 5.1 Dodging
 - Level 3.2 Shields
 + Level 17.0 Evocations


You had 12 spell levels left.
You didn't know any spells.
Your spell library was empty.

Inventory:

Hand Weapons
 k - a +0 morningstar
 l - a +0 dire flail
 Y - a +5 executioner's axe of protection (weapon)
Missiles
 q - 6 silver javelins
Armour
 b - a +1 pair of boots (worn)
 j - a +0 plate armour (worn)
 n - a +0 cloak (worn)
Jewellery
 f - a ring of positive energy (left hand)
 h - a ring of fire
 m - a ring of poison resistance
 o - an amulet of faith (around neck)
 p - a +4 ring of protection (right hand)
Wands
 g - a wand of mindburst (10)
Scrolls
 a - 3 scrolls of identify
 e - 8 scrolls of teleportation
Potions
 c - 3 potions of haste
 d - 3 potions of might
 i - 4 potions of curing
 r - a potion of cancellation
 s - a potion of mutation
 t - a potion of lignification {unknown}

Dungeon Overview and Level Annotations

Branches:
Dungeon (8/15)             Temple (0/1) D:6            Lair (5/6) D:8
 Shoals (0/4) Lair:2       Spider (0/4) Lair:2
  Slime: Lair:5-6

Altars:
Ashenzari
Gozag
Kikubaaqudgha
Makhleb
Okawaru
Trog
Uskayaw
Vehumet

Shops:
D:7 (?[??

Annotations:
D:5 3 runed translucent doors, Lekart's ghost, amateur DrFi
Lair:2 2 transporters
Lair:3 2 transporters


Message History

Space bends around you.
The meliai stings you but does no damage.
The killer bee stings you but does no damage.
A torpor snail comes into view.
You barely miss the killer bee.
The killer bee is severely wounded.
You miss the meliai.
The meliai hits you with a +2 hand axe of distortion!
Space warps horribly around you!
The meliai stings you but does no damage.
The killer bee closely misses you. The meliai hits you but does no damage.
Space bends around you.
The meliai stings you but does no damage.
The killer bee stings you but does no damage.
The meliai closely misses you.
The meliai stings you but does no damage.
The killer bee stings you but does no damage.
The meliai hits you but does no damage.
The meliai stings you but does no damage.
The blink frog hits you.
The killer bee stings you but does no damage.
You miss the killer bee.
The killer bee is severely wounded.
You slash the blink frog! You barely miss the meliai.
The meliai mumbles some strange prayers to its god against you.
Something smites you!
The killer bee stings you but does no damage.
The meliai hits you with a +2 hand axe of distortion.
You blink.
The blink frog closely misses you. The blink frog barely misses you.
You slice the blink frog!!
You kill the blink frog!
Trog accepts your kill.
You slash the torpor snail! You slice the killer bee!!
You kill the killer bee!
Trog accepts your kill.
The meliai calls down the wrath of its god upon you.
Something smites you!
The meliai calls down the wrath of its god upon you.
Something smites you!
You die...

############## * *
* ,* *
~~~~..%w@y¤..## ,
, *~,
.....#..%....# , ,
*~ ,
.~~####.#....# * ,
~ ~~##...#....##
,, , * ,
##....#....#, * ,,
, ##..#.#.#..## ,,
, .. ~
##...#.#.#..# ##..
##...#.#.#.#.# ,
##...
~,~##...#..#.#.###
###...#


You could see a torpor snail and a meliai.

Vanquished Creatures
  Rupert (Lair:5)
  A boulder beetle (Lair:4)
  Harold (D:7)
  2 catoblepae
  Erica (Lair:2)
  6 hydras
  A two-headed ogre (D:8)
  6 death yaks
  A lindwurm (Lair:5)
  A cyclops (D:7)
  2 manticores
  An oklob plant (Lair:4)
  4 elephants
  2 black mambas (Lair:4)
  A torpor snail (Lair:4)
  A centaur zombie (D:5)
  A gargoyle (D:7)
  10 cane toads
  Maggie (D:8)
  8 komodo dragons
  3 rime drakes
  2 queen bees
  2 meliai (Lair:5)
  A troll (D:8)
  A polar bear (Lair:4)
  A wind drake (Lair:2)
  Prince Ribbit (D:7)
  5 blink frogs
  A dream sheep (Lair:4)
  2 wyverns
  30 yaks
  2 basilisks
  Grum (Lair:1)
  3 steam dragons
  11 water moccasins
  An orc warrior (D:8)
  3 ice beasts
  5 black bears
  2 centaurs
  13 wolves
  2 necrophages (D:8)
  3 ogres
  A phantom (D:2)
  10 bullfrogs
  2 kobold brigands (D:8)
  7 scorpions
  A water moccasin skeleton (D:6)
  45 killer bees
  2 howler monkeys (D:7)
  2 jellies
  3 bullfrog zombies
  A gnoll shaman (D:7)
  2 hounds (D:5)
  A bullfrog skeleton (D:6)
  2 orc priests (D:4)
  3 iguanas
  3 orc wizards
  A hell rat (Lair:5)
  A hound skeleton (D:4)
  8 gnolls
  2 howler monkey zombies (D:8)
  A howler monkey skeleton (D:7)
  8 adders
  3 shadow imps (D:6)
  2 white imps (D:6)
  An adder zombie (D:5)
  3 worms
  2 dart slugs
  14 orcs
  An endoplasm (D:1)
  5 giant cockroaches
  4 goblins
  8 hobgoblins
  6 kobolds
  6 quokkas
  9 ball pythons
  7 bats
  5 frilled lizards
  4 rats
333 creatures vanquished.

Vanquished Creatures (collateral kills)
  A hydra (Lair:1)
1 creature vanquished.

Vanquished Creatures (others)
  38 fungi
  54 plants
92 creatures vanquished.

Grand Total: 426 creatures vanquished

Notes
Turn   | Place    | Note
-------+----------+-------------------------------------------
     0 | D:1      | Colgate the Deep Dwarf Fighter began the quest for the Orb.
     0 | D:1      | Reached XP level 1. HP: 20/20 MP: 1/1
     0 | D:1      | 0 ||| counter = 93
    91 | D:1      | Found a faded altar of an unknown god.
   180 | D:1      | Reached skill level 3 in Axes
   181 | D:1      | Reached XP level 2. HP: 27/27 MP: 2/2
   241 | D:1      | Reached skill level 1 in Dodging
   498 | D:1      | 498 ||| READING scroll labelled EDDIHAHIAPH.
   503 | D:1      | 503 ||| READING scroll labelled QUUF BOTOOFF.
   504 | D:1      | 504 ||| READING scroll labelled BINEQE DEDEIN.
   505 | D:1      | 505 ||| READING scroll labelled YPHORGH BYXI.
   544 | D:2      | Noticed a phantom
   556 | D:2      | Killed a phantom
   557 | D:2      | Reached XP level 3. HP: 14/33 MP: 3/3
   557 | D:2      | Reached XP level 4. HP: 17/40 MP: 4/4
   557 | D:2      | 557 ||| INVOKING Heal Wounds.
   651 | D:2      | Found a bloodstained altar of Trog.
   664 | D:2      | Became a worshipper of Trog the Wrathful
   751 | D:2      | Reached skill level 1 in Evocations
   939 | D:2      | Reached XP level 5. HP: 26/46 MP: 5/5
  1268 | D:2      | 1268 ||| READING 2 scrolls of identify.
  1268 | D:2      | 1268 ||| IDENTIFYING fuming ruby potion
  1321 | D:3      | Reached skill level 2 in Evocations
  1368 | D:3      | 1368 ||| DRINKING potion of heal wounds.
  1419 | D:3      | Reached skill level 3 in Evocations
  1486 | D:3      | Reached skill level 6 in Axes
  1505 | D:3      | Reached XP level 6. HP: 34/55 MP: 6/6
  1545 | D:3      | Reached * piety under Trog
  1621 | D:3      | 1621 ||| Stepping ~*~*~tactically~*~*~ (water).
  1684 | D:3      | 1684 ||| DROPPING +0 club.
  1705 | D:3      | 1705 ||| INVOKING Heal Wounds.
  1710 | D:3      | 1710 ||| DROPPING +0 whip.
  1918 | D:3      | 1918 ||| UPGRADING to +3 scale mail.
  1928 | D:3      | 1928 ||| DROPPING +0 scale mail.
  1973 | D:4      | Found an opulent altar of Gozag.
  2159 | D:4      | 2159 ||| INVOKING Berserk.
  2162 | D:4      | Reached skill level 4 in Evocations
  2177 | D:4      | 2177 ||| INVOKING Heal Wounds.
  2182 | D:4      | 2182 ||| INVOKING Heal Wounds.
  2183 | D:4      | 2183 ||| INVOKING Heal Wounds.
  2227 | D:4      | Found an ancient bone altar of Kikubaaqudgha.
  2274 | D:4      | 2274 ||| INVOKING Berserk.
  2278 | D:4      | Reached XP level 7. HP: 47/61 MP: 6/6
  2282 | D:4      | 2282 ||| INVOKING Heal Wounds.
  2546 | D:4      | 2546 ||| UPGRADING to +0 plate armour.
  2556 | D:4      | 2556 ||| DROPPING +3 scale mail.
  2557 | D:4      | 2557 ||| DRINKING 2 pink potions.
  2558 | D:4      | 2558 ||| DRINKING 2 inky potions.
  2559 | D:4      | 2559 ||| READING 2 scrolls of identify.
  2559 | D:4      | 2559 ||| IDENTIFYING glowing coppery potion
  2560 | D:4      | 2560 ||| DROPPING potion of brilliance.
  2561 | D:4      | 2561 ||| DROPPING potion of magic.
  2564 | D:5      | Entered Level 5 of the Dungeon
  2568 | D:5      | 2568 ||| STAIRDANCE
  2596 | D:5      | 2596 ||| INVOKING Berserk.
  2659 | D:5      | Noticed a steam dragon
  2682 | D:5      | 2682 ||| INVOKING Heal Wounds.
  2683 | D:5      | Killed a steam dragon
  2683 | D:5      | Reached ** piety under Trog
  2684 | D:5      | 2684 ||| Stepping ~*~*~tactically~*~*~ (cloud).
  2728 | D:5      | Found a broken altar of Ashenzari.
  2791 | D:5      | Found a runed translucent gate.
  2793 | D:5      | Found a runed translucent gate.
  2793 | D:5      | Found a runed translucent gate.
  2795 | D:5      | Noticed Lekart's ghost (amateur DrFi)
  2848 | D:5      | Reached skill level 3 in Fighting
  2875 | D:5      | Reached skill level 9 in Axes
  2875 | D:5      | Reached XP level 8. HP: 50/69 MP: 6/6
  2999 | D:5      | Found an iron altar of Okawaru.
  3099 | D:5      | 3099 ||| INVOKING Heal Wounds.
  3100 | D:5      | 3100 ||| INVOKING Heal Wounds.
  3421 | D:5      | 3421 ||| READING scroll labelled FYPRUG GIMIMIS.
  3421 | D:5      | Identified a scroll of acquirement
  3421 | D:5      | 3421 ||| ACQUIRING +2 executioner's axe of flaming
  3421 | D:5      | Acquired a +2 executioner's axe of flaming
  3423 | D:5      | 3423 ||| REMOVING +0 kite shield.
  3428 | D:5      | 3428 ||| SWAPPING to +2 executioner's axe of flaming.
  3429 | D:5      | 3429 ||| DROPPING +0 war axe.
  3430 | D:5      | 3430 ||| DROPPING +0 kite shield.
  3431 | D:5      | 3431 ||| READING scroll labelled IRPHUR HIOQAPE.
  3432 | D:5      | 3432 ||| READING scroll labelled XUKOSHRAVIRPH.
  3503 | D:6      | Found a radiant altar of Vehumet.
  3570 | D:6      | 3570 ||| INVOKING Berserk.
  3578 | D:6      | 3578 ||| INVOKING Heal Wounds.
  3733 | D:6      | 3733 ||| INVOKING Berserk.
  3740 | D:6      | 3740 ||| INVOKING Heal Wounds.
  3771 | D:6      | Noticed a +0 dagger
  3772 | D:6      | Noticed a +0 hand axe
  3782 | D:6      | 3782 ||| INVOKING Heal Wounds.
  3784 | D:6      | 3784 ||| INVOKING Heal Wounds.
  3792 | D:6      | 3792 ||| INVOKING Heal Wounds.
  3793 | D:6      | Found a hide-covered altar of Uskayaw.
  3847 | D:6      | Gained mutation: You passively map the area around you.
                  | [Deep Dwarf growth]
  3847 | D:6      | Reached XP level 9. HP: 60/78 MP: 6/6
  3883 | D:6      | Found a staircase to the Ecumenical Temple.
  3945 | D:6      | 3945 ||| INVOKING Berserk.
  3953 | D:6      | 3953 ||| INVOKING Heal Wounds.
  4162 | D:6      | Found a burning altar of Makhleb.
  4234 | D:6      | 4234 ||| UPGRADING to +0 pair of boots.
  4271 | D:7      | Noticed Prince Ribbit
  4276 | D:7      | 4276 ||| INVOKING Berserk.
  4278 | D:7      | Noticed a gargoyle
  4284 | D:7      | Killed a gargoyle
  4288 | D:7      | 4288 ||| STAIRDANCE
  4290 | D:6      | 4290 ||| INVOKING Heal Wounds.
  4310 | D:7      | Killed Prince Ribbit
  4316 | D:7      | Noticed a cyclops
  4323 | D:7      | Noticed Harold
  4324 | D:7      | 4324 ||| INVOKING Berserk.
  4328 | D:7      | Killed a cyclops
  4333 | D:7      | 4333 ||| INVOKING Heal Wounds.
  4336 | D:7      | 4336 ||| INVOKING Heal Wounds.
  4337 | D:7      | 4337 ||| INVOKING Heal Wounds.
  4341 | D:7      | 4341 ||| INVOKING Heal Wounds.
  4343 | D:7      | HP: 20/81 [gnoll (3)]
  4344 | D:7      | 4344 ||| INVOKING Heal Wounds.
  4345 | D:7      | 4345 ||| INVOKING Heal Wounds.
  4346 | D:7      | 4346 ||| INVOKING Heal Wounds.
  4347 | D:7      | Killed Harold
  4348 | D:7      | Reached skill level 12 in Axes
  4348 | D:7      | Reached XP level 10. HP: 46/88 MP: 5/5
  4348 | D:7      | Reached *** piety under Trog
  4349 | D:7      | 4349 ||| INVOKING Heal Wounds.
  4359 | D:7      | 4359 ||| STAIRDANCE
  4361 | D:6      | 4361 ||| INVOKING Heal Wounds.
  4527 | D:7      | Found Rovvall's Magic Scroll Shoppe.
  4534 | D:7      | 4534 ||| BUYING scroll of brand weapon (300 gold).
  4534 | D:7      | Bought a scroll of brand weapon for 300 gold pieces
  4534 | D:7      | 4534 ||| BUYING scroll of enchant weapon (112 gold).
  4534 | D:7      | Bought a scroll of enchant weapon for 112 gold pieces
  4534 | D:7      | 4534 ||| BUYING scroll of identify (30 gold).
  4534 | D:7      | Bought a scroll of identify for 30 gold pieces
  4534 | D:7      | 4534 ||| SHOPLISTING scroll of identify (30 gold, have 18).
  4534 | D:7      | 4534 ||| SHOPLISTING scroll of teleportation (45 gold, have
                  | 18).
  4534 | D:7      | 4534 ||| READING scroll of brand weapon.
  4534 | D:7      | 4534 ||| BRANDING +3 executioner's axe of flaming.
  4535 | D:7      | 4535 ||| READING scroll of enchant weapon.
  4535 | D:7      | 4535 ||| ENCHANTING +3 executioner's axe of freezing.
  4594 | D:7      | Found Wyfrezot's Magic Scroll Boutique.
  4597 | D:7      | 4597 ||| SHOPLISTING 2 scrolls of identify (60 gold, have
                  | 48).
  4597 | D:7      | 4597 ||| SHOPLISTING scroll of enchant armour (112 gold,
                  | have 48).
  4597 | D:7      | 4597 ||| SHOPLISTING scroll of enchant weapon (112 gold,
                  | have 48).
  4597 | D:7      | 4597 ||| BUYING scroll of identify (30 gold).
  4597 | D:7      | Bought a scroll of identify for 30 gold pieces
  4597 | D:7      | 4597 ||| SHOPLISTING scroll of identify (30 gold, have 18).
  4597 | D:7      | 4597 ||| SHOPLISTING scroll of teleportation (45 gold, have
                  | 18).
  4628 | D:7      | Found Gigirok's Armour Emporium.
  4639 | D:7      | Found Woky's Magic Scroll Boutique.
  4649 | D:7      | 4649 ||| SHOPLISTING +0 cloak (54 gold, have 18).
  4649 | D:7      | 4649 ||| SHOPLISTING +0 helmet (54 gold, have 18).
  4649 | D:7      | 4649 ||| SHOPLISTING +1 chain mail of poison resistance
                  | (162 gold, have 18).
  4681 | D:7      | Found Riasiwun's Weapon Emporium.
  4686 | D:7      | 4686 ||| SHOPLISTING scroll of acquirement (728 gold, have
                  | 18).
  4686 | D:7      | 4686 ||| SHOPLISTING scroll of identify (28 gold, have 18).
  4686 | D:7      | 4686 ||| SHOPLISTING scroll of teleportation (42 gold, have
                  | 18).
  4690 | D:7      | 4690 ||| SHOPLISTING +1 morningstar of draining (198 gold,
                  | have 18).
  4806 | D:7      | 4806 ||| UPGRADING to +0 cloak.
  4811 | D:7      | 4811 ||| READING scroll labelled JIPRIO REOPHE.
  4812 | D:7      | 4812 ||| DRINKING 3 grey potions.
  4904 | D:8      | 4904 ||| INVOKING Heal Wounds.
  4908 | D:8      | 4908 ||| INVOKING Berserk.
  4911 | D:8      | Reached skill level 6 in Fighting
  4911 | D:8      | Reached skill level 5 in Evocations
  4918 | D:8      | Reached skill level 6 in Evocations
  4924 | D:8      | Reached skill level 7 in Evocations
  4927 | D:8      | 4927 ||| INVOKING Heal Wounds.
  4935 | D:8      | 4935 ||| INVOKING Heal Wounds.
  4948 | D:8      | Found a staircase to the Lair.
  4956 | D:8      | 4956 ||| INVOKING Berserk.
  4961 | D:8      | Reached skill level 8 in Evocations
  4967 | D:8      | Noticed Maggie
  5023 | D:8      | Noticed a two-headed ogre
  5027 | D:8      | 5027 ||| INVOKING Berserk.
  5031 | D:8      | Killed a two-headed ogre
  5037 | D:8      | 5037 ||| INVOKING Heal Wounds.
  5054 | D:8      | 5054 ||| STAIRDANCE
  5066 | D:7      | 5066 ||| READING 3 scrolls of identify.
  5066 | D:7      | 5066 ||| IDENTIFYING brown potion
  5067 | D:7      | 5067 ||| DROPPING potion of attraction.
  5118 | D:8      | Reached XP level 11. HP: 64/97 MP: 4/4
  5119 | D:8      | Reached **** piety under Trog
  5120 | D:8      | Reached skill level 9 in Evocations
  5121 | D:8      | 5121 ||| INVOKING Heal Wounds.
  5247 | D:8      | Killed Maggie
  5251 | D:8      | 5251 ||| DROPPING +0 flail.
  5275 | D:8      | 5275 ||| INVOKING Berserk.
  5283 | D:8      | 5283 ||| INVOKING Heal Wounds.
  5615 | D:8      | 5615 ||| UPGRADING to ring of positive energy.
  5616 | D:8      | 5616 ||| READING scroll labelled PUSHRU HOOCAJAI.
  5643 | Lair:1   | Entered Level 1 of the Lair of Beasts
  5644 | Lair:1   | 5644 ||| Entered L.
  5651 | Lair:1   | Noticed a six-headed hydra
  5652 | Lair:1   | 5652 ||| INVOKING Brothers in Arms.
  5653 | Lair:1   | 5653 ||| INVOKING Brothers in Arms.
  5654 | Lair:1   | 5654 ||| INVOKING Brothers in Arms.
  5655 | Lair:1   | 5655 ||| INVOKING Brothers in Arms.
  5656 | Lair:1   | 5656 ||| INVOKING Brothers in Arms.
  5657 | Lair:1   | 5657 ||| INVOKING Brothers in Arms.
  5658 | Lair:1   | 5658 ||| INVOKING Brothers in Arms.
  5659 | Lair:1   | 5659 ||| INVOKING Heal Wounds.
  5660 | Lair:1   | 5660 ||| INVOKING Brothers in Arms.
  5661 | Lair:1   | 5661 ||| INVOKING Brothers in Arms.
  5662 | Lair:1   | 5662 ||| INVOKING Brothers in Arms.
  5663 | Lair:1   | 5663 ||| INVOKING Heal Wounds.
  5664 | Lair:1   | 5664 ||| INVOKING Brothers in Arms.
  5665 | Lair:1   | 5665 ||| INVOKING Brothers in Arms.
  5666 | Lair:1   | 5666 ||| INVOKING Brothers in Arms.
  5667 | Lair:1   | 5667 ||| INVOKING Heal Wounds.
  5668 | Lair:1   | 5668 ||| SWAPPING to +0 dire flail.
  5668 | Lair:1   | Killed a six-headed hydra
  5669 | Lair:1   | 5669 ||| INVOKING Heal Wounds.
  5670 | Lair:1   | 5670 ||| SWAPPING to +4 executioner's axe of freezing.
  5756 | Lair:1   | Reached skill level 10 in Evocations
  5756 | Lair:1   | 5756 ||| INVOKING Heal Wounds.
  5820 | Lair:1   | 5820 ||| INVOKING Berserk.
  5877 | Lair:1   | Noticed Grum
  5888 | Lair:1   | 5888 ||| INVOKING Berserk.
  5897 | Lair:1   | Killed Grum
  5899 | Lair:1   | 5899 ||| INVOKING Trog's Hand.
  5970 | Lair:1   | Noticed an eight-headed hydra
  5979 | Lair:1   | 5979 ||| SWAPPING to +0 dire flail.
  5982 | Lair:1   | 5982 ||| INVOKING Berserk.
  5987 | Lair:1   | Killed an eight-headed hydra
  6003 | Lair:1   | Reached skill level 11 in Evocations
  6005 | Lair:1   | 6005 ||| SWAPPING to +4 executioner's axe of freezing.
  6006 | Lair:1   | 6006 ||| INVOKING Trog's Hand.
  6034 | Lair:1   | 6034 ||| READING scroll of enchant armour.
  6034 | Lair:1   | 6034 ||| ENCHANTING +0 pair of boots.
  6314 | Lair:1   | 6314 ||| READING 3 scrolls of identify.
  6314 | Lair:1   | 6314 ||| IDENTIFYING metallic blue potion
  6315 | Lair:1   | 6315 ||| DROPPING potion of berserk rage.
  6336 | Lair:2   | Noticed a catoblepas
  6340 | Lair:2   | 6340 ||| INVOKING Berserk.
  6343 | Lair:2   | Killed a catoblepas
  6355 | Lair:2   | 6355 ||| INVOKING Heal Wounds.
  6362 | Lair:2   | 6362 ||| INVOKING Trog's Hand.
  6399 | Lair:2   | 6399 ||| INVOKING Berserk.
  6400 | Lair:2   | Noticed Erica
  6411 | Lair:2   | Killed Erica
  6412 | Lair:2   | Reached skill level 12 in Evocations
  6414 | Lair:2   | 6414 ||| INVOKING Heal Wounds.
  6451 | Lair:2   | 6451 ||| INVOKING Heal Wounds.
  6452 | Lair:2   | 6452 ||| INVOKING Berserk.
  6460 | Lair:2   | 6460 ||| INVOKING Trog's Hand.
  6467 | Lair:2   | 6467 ||| INVOKING Trog's Hand.
  6481 | Lair:2   | 6481 ||| INVOKING Trog's Hand.
  6545 | Lair:2   | 6545 ||| Stepping ~*~*~tactically~*~*~ (cloud).
  6546 | Lair:2   | 6546 ||| INVOKING Trog's Hand.
  6669 | Lair:2   | 6669 ||| INVOKING Berserk.
  6672 | Lair:2   | Reached XP level 12. HP: 109/109 MP: 2/2
  6689 | Lair:2   | 6689 ||| INVOKING Heal Wounds.
  6707 | Lair:2   | 6707 ||| INVOKING Heal Wounds.
  6714 | Lair:2   | 6714 ||| INVOKING Heal Wounds.
  6716 | Lair:2   | 6716 ||| INVOKING Trog's Hand.
  6733 | Lair:2   | 6733 ||| INVOKING Trog's Hand.
  6776 | Lair:2   | Found a staircase to the Shoals.
  6776 | Lair:2   | Noticed a four-headed hydra
  6779 | Lair:2   | 6779 ||| SWAPPING to +0 dire flail.
  6780 | Lair:2   | 6780 ||| INVOKING Berserk.
  6785 | Lair:2   | Killed a four-headed hydra
  6786 | Lair:2   | Reached skill level 9 in Armour
  6786 | Lair:2   | Reached skill level 13 in Evocations
  6806 | Lair:2   | 6806 ||| SWAPPING to +4 executioner's axe of freezing.
  6807 | Lair:2   | 6807 ||| INVOKING Trog's Hand.
  6875 | Lair:2   | Noticed a five-headed hydra
  6878 | Lair:2   | 6878 ||| SWAPPING to +0 dire flail.
  6880 | Lair:2   | 6880 ||| INVOKING Berserk.
  6886 | Lair:2   | Killed a five-headed hydra
  6891 | Lair:2   | 6891 ||| SWAPPING to +4 executioner's axe of freezing.
  6892 | Lair:2   | 6892 ||| INVOKING Trog's Hand.
  6947 | Lair:2   | Found a transporter.
  7029 | Lair:2   | Found a transporter.
  7175 | Lair:2   | Found a hole to the Spider Nest.
  7491 | Lair:2   | 7491 ||| DRINKING 2 emerald potions.
  7492 | Lair:2   | 7492 ||| DROPPING potion of invisibility.
  7818 | Lair:3   | Noticed a death yak
  7821 | Lair:3   | Noticed a death yak
  7822 | Lair:3   | 7822 ||| INVOKING Berserk.
  7823 | Lair:3   | Noticed a death yak
  7825 | Lair:3   | Killed a death yak
  7827 | Lair:3   | Noticed a death yak
  7827 | Lair:3   | Noticed a death yak
  7831 | Lair:3   | Killed a death yak
  7832 | Lair:3   | Killed a death yak
  7833 | Lair:3   | Reached skill level 14 in Evocations
  7836 | Lair:3   | 7836 ||| INVOKING Heal Wounds.
  7838 | Lair:3   | 7838 ||| DRINKING potion of heal wounds.
  7839 | Lair:3   | Killed a death yak
  7842 | Lair:3   | Killed a death yak
  7842 | Lair:3   | HP: 25/109 [cane toad (6)]
  7845 | Lair:3   | 7845 ||| INVOKING Trog's Hand.
  7877 | Lair:3   | 7877 ||| INVOKING Trog's Hand.
  8101 | Lair:3   | 8101 ||| INVOKING Trog's Hand.
  8167 | Lair:3   | Found a transporter.
  8169 | Lair:3   | Found a transporter.
  8170 | Lair:3   | Noticed a boulder beetle
  8170 | Lair:3   | Noticed a boulder beetle
  8364 | Lair:3   | 8364 ||| UPGRADING to amulet of faith.
  8369 | Lair:3   | 8369 ||| UPGRADING to +4 ring of protection.
  8370 | Lair:3   | 8370 ||| READING 6 scrolls of identify.
  8370 | Lair:3   | 8370 ||| IDENTIFYING fuming pink potion
  8371 | Lair:3   | 8371 ||| DROPPING potion of flight.
  8577 | Lair:4   | Noticed a four-headed hydra
  8581 | Lair:4   | 8581 ||| SWAPPING to +0 dire flail.
  8583 | Lair:4   | 8583 ||| INVOKING Berserk.
  8588 | Lair:4   | Killed a four-headed hydra
  8589 | Lair:4   | Reached skill level 15 in Axes
  8593 | Lair:4   | 8593 ||| SWAPPING to +4 executioner's axe of freezing.
  8671 | Lair:4   | Noticed a catoblepas
  8679 | Lair:4   | 8679 ||| INVOKING Berserk.
  8691 | Lair:4   | 8691 ||| INVOKING Trog's Hand.
  8702 | Lair:4   | 8702 ||| Stepping ~*~*~tactically~*~*~ (cloud).
  8704 | Lair:4   | Killed a catoblepas
  8705 | Lair:4   | 8705 ||| Stepping ~*~*~tactically~*~*~ (cloud).
  8722 | Lair:4   | 8722 ||| INVOKING Trog's Hand.
  8742 | Lair:4   | 8742 ||| INVOKING Trog's Hand.
  8805 | Lair:4   | Reached skill level 15 in Evocations
  8805 | Lair:4   | Noticed an eight-headed hydra
  8807 | Lair:4   | 8807 ||| SWAPPING to +0 dire flail.
  8808 | Lair:4   | 8808 ||| INVOKING Berserk.
  8813 | Lair:4   | Killed an eight-headed hydra
  8818 | Lair:4   | 8818 ||| SWAPPING to +4 executioner's axe of freezing.
  8819 | Lair:4   | 8819 ||| INVOKING Trog's Hand.
  8872 | Lair:4   | Reached XP level 13. HP: 94/117 MP: 1/1
  8885 | Lair:4   | 8885 ||| INVOKING Trog's Hand.
  8994 | Lair:4   | 8994 ||| INVOKING Heal Wounds.
  8998 | Lair:4   | 8998 ||| INVOKING Heal Wounds.
  9001 | Lair:4   | 9001 ||| INVOKING Trog's Hand.
  9016 | Lair:4   | 9016 ||| INVOKING Trog's Hand.
  9122 | Lair:4   | 9122 ||| INVOKING Trog's Hand.
  9175 | Lair:4   | 9175 ||| INVOKING Trog's Hand.
  9191 | Lair:4   | 9191 ||| INVOKING Trog's Hand.
  9267 | Lair:4   | 9267 ||| INVOKING Berserk.
  9357 | Lair:4   | 9357 ||| SWAPPING to +0 dire flail.
  9358 | Lair:4   | 9358 ||| INVOKING Berserk.
  9381 | Lair:4   | 9381 ||| SWAPPING to +4 executioner's axe of freezing.
  9406 | Lair:4   | 9406 ||| READING scroll of enchant weapon.
  9406 | Lair:4   | 9406 ||| ENCHANTING +4 executioner's axe of freezing.
  9467 | Lair:4   | 9467 ||| READING scroll of brand weapon.
  9467 | Lair:4   | 9467 ||| BRANDING +5 executioner's axe of freezing.
  9740 | Lair:4   | 9740 ||| READING scroll labelled JEIGGU PETRA.
  9760 | Lair:4   | 9760 ||| READING 5 scrolls of identify.
  9760 | Lair:4   | 9760 ||| IDENTIFYING puce potion
  9761 | Lair:4   | 9761 ||| READING 4 scrolls of identify.
  9761 | Lair:4   | 9761 ||| IDENTIFYING smoky sapphire potion
  9777 | Lair:5   | 9777 ||| STAIRDANCE
  9787 | Lair:5   | 9787 ||| STAIRDANCE
  9800 | Lair:5   | 9800 ||| STAIRDANCE
  9806 | Lair:4   | 9806 ||| INVOKING Trog's Hand.
  9872 | Lair:5   | Reached skill level 16 in Evocations
  9881 | Lair:5   | Noticed Rupert
  9884 | Lair:5   | 9884 ||| INVOKING Trog's Hand.
  9886 | Lair:5   | 9886 ||| INVOKING Berserk.
  9897 | Lair:5   | Killed Rupert
  9901 | Lair:5   | 9901 ||| INVOKING Trog's Hand.
  9915 | Lair:5   | 9915 ||| INVOKING Trog's Hand.
  9931 | Lair:5   | 9931 ||| INVOKING Trog's Hand.
  9977 | Lair:5   | 9977 ||| INVOKING Trog's Hand.
 10169 | Lair:5   | 10169 ||| INVOKING Trog's Hand.
 10278 | Lair:5   | 10278 ||| INVOKING Trog's Hand.
 10346 | Lair:5   | 10346 ||| INVOKING Berserk.
 10366 | Lair:5   | 10366 ||| INVOKING Heal Wounds.
 10370 | Lair:5   | Reached skill level 17 in Evocations
 10372 | Lair:5   | 10372 ||| INVOKING Heal Wounds.
 10373 | Lair:5   | 10373 ||| INVOKING Heal Wounds.
 10374 | Lair:5   | 10374 ||| INVOKING Heal Wounds.
 10378 | Lair:5   | HP: 21/117 [meliai/divine providence (9)]
 10379 | Lair:5   | HP: 9/117 [meliai/divine providence (12)]
 10379 | Lair:5   | Killed from afar by a meliai

Levels and vault maps discovered:
D:1:      eino_arrival_cavern_e, layout_rooms, hellmonk_ecumenical_altar_run_dry
D:2:      layout_basic, basic_altar
D:3:      layout_basic, serial_bayou, serial_bayou_pond_d, serial_bayou_ford_a,
          serial_bayou_pond_c, serial_bayou_pond_e
D:4:      layout_rooms, mainiacjoe_overflow_cross_hatched,
          mainiacjoe_overflow_alcove_1, serial_rivers,
          chequers_serial_rivers_small_a, chequers_serial_rivers_marsh,
          chequers_serial_rivers_micro_c, chequers_serial_rivers_small_b,
          chequers_serial_rivers_room_b, chequers_serial_rivers_micro_a
D:5:      layout_basic, grunt_temple_overflow_open, gammafunk_ghost_necromancy
D:6:      layout_basic, lemuel_coloured_pillars_altar, lemuel_crystal_altar,
          dancing_weapons_uskayaw, minmay_temple_entry_tees,
          kennysheep_crisscross
D:7:      layout_rooms, serial_shops, shop, kennysheep_mini, shop, shop,
          shop_statue, uniq_prince_ribbit1, uniq_harold
D:8:      layout_loops_ring, due_lair_maze_entry_diamond,
          minmay_fractal_squares_5, uniq_maggie
Lair:1:   layout_big_grid, uniq_grum
Lair:2:   gammafunk_cloud_chamber, layout_cave_shapes,
          minmay_shoals_entry_beasts, nicolae_spider_entry_non_spiders,
          special_room [special_room_bee], lemuel_fruit_tree,
          infiniplex_staircase_pool_2, uniq_erica
Lair:3:   gammafunk_boulding_lane, layout_gridlike, st_stairs_9,
          serial_bayou_shore_a, grunt_megastairs_5
Lair:4:   nzn_winding_woodlands_three_and_one
          [nzn_winding_woodlands_5x15_longhouse,
          nzn_winding_woodlands_5x15_zeroes, nzn_winding_woodlands_5x15_eye,
          nzn_winding_woodlands_center_lodge], layout_regular_city,
          grunt_forest_large_clearing_hut
Lair:5:   regret_index_wax_grids, layout_regular_city, uniq_rupert

Skill      XL: |  1  2  3  4  5  6  7  8  9 10 11 12 13 |
---------------+----------------------------------------+-----
Axes           | 3 5 6 7 9 11 12 13 14 15 16 | 16.1
Dodging        | 1 2 4 5 |  5.1
Evocations     | 1 3 4 8 12 15 17 | 17.0
Fighting       | 3 4 5 6 7 8 |  8.0
Armour         | 4 7 8 9 |  9.1
Shields        | |  3.2

Action                   |  1- 3 |  4- 6 |  7- 9 | 10-12 | 13-15 || total
-------------------------+-------+-------+-------+-------+-------++-------
Melee: War axe           |    64 |   178 |   127 |       |       ||   369
       Executioner's axe |       |       |    90 |   284 |   221 ||   595
       Dire flail        |       |       |       |    58 |    20 ||    78
Invok: Berserk           |       |     2 |     6 |    17 |     4 ||    29
       Trog's Hand       |       |       |       |    18 |    14 ||    32
       Brothers in Arms  |       |       |       |     1 |       ||     1
 Abil: Heal Wounds       |       |     4 |    17 |    20 |     6 ||    47
  Use: Scroll            |     4 |     1 |     4 |     8 |     5 ||    22
       Potion            |       |     1 |     2 |     3 |       ||     6
Armor: Scale mail        |    30 |    55 |     7 |       |       ||    92
       Plate armour      |       |       |   182 |   358 |   265 ||   805
Dodge: Dodged            |    19 |    66 |    79 |   257 |   182 ||   603
Block: Kite shield       |    29 |    80 |    74 |       |       ||   183

Table legend:
 A = Non-vault XP
 B = Vault XP
 C = Vault XP percentage of total XP
 D = Non-vault monster count
 E = Vault monster count
 F = Vault count percentage of total count
                 A         B        C        D         E       F
            +---------+---------+-------+---------+---------+-------
      Total |   30185 |   27836 |  48.0 |     216 |     118 |  35.3
            +---------+---------+-------+---------+---------+-------
        D:1 |      35 |       0 |   0.0 |      22 |       0 |   0.0
        D:2 |     170 |       0 |   0.0 |      16 |       0 |   0.0
        D:3 |     215 |       0 |   0.0 |      20 |       0 |   0.0
        D:4 |     448 |       0 |   0.0 |      24 |       0 |   0.0
        D:5 |    1058 |       0 |   0.0 |      13 |       0 |   0.0
        D:6 |    1202 |       0 |   0.0 |      18 |       0 |   0.0
        D:7 |    1665 |    1276 |  43.4 |      20 |       2 |   9.1
        D:8 |    3795 |    2983 |  44.0 |      17 |      19 |  52.8
     Lair:1 |    3886 |     423 |   9.8 |      16 |       3 |  15.8
     Lair:2 |    5856 |    3793 |  39.3 |      15 |      35 |  70.0
     Lair:3 |    4882 |    1151 |  19.1 |       7 |       4 |  36.4
     Lair:4 |    5306 |    7952 |  60.0 |      18 |      16 |  47.1
     Lair:5 |    1667 |   10258 |  86.0 |      10 |      39 |  79.6
            +---------+---------+-------+---------+---------+-------
